 Dungeon Crawl Stone Soup version 0.32-a0-656-g3542139ebd (webtiles) character file.

Game seed: 62064089197575484

17126 ytrimaz the Skirmisher (level 12, -2/87 HPs)
             Began as a Coglin Hunter on Mar 8, 2024.
             Was a High Priest of Hepliaklqana.
             Slain by a cyan ugly thing (15 damage)
             ... on level 13 of the Dungeon.
             The game lasted 00:17:17 (13020 turns).

ytrimaz the Skirmisher (Coglin Hunter)             Turns: 13020, Time: 00:17:18

Health: -2/87      AC: 13    Str: 11    XL:     12   Next: 44%
Magic:  13/13      EV: 18    Int: 10    God:    Hepliaklqana [*****.]
Gold:   595        SH:  0    Dex: 22    Spells: 11/11 levels left

rFire   . . .        a - +3 sling {Ana}
rCold   + . .        d - +0 sling {Chaewon}
rNeg    . . .        y - +2 ring mail {rC+}
rPois   +            s - +1 hat {Will+}
rElec   .            v - +1 cloak {rPois}
rCorr   .            (no gloves)
SInv    .            t - +2 pair of boots
Will    +....        (amulet unavailable)
Stlth   +            (ring unavailable)
HPRegen 0.34/turn    (ring unavailable)
MPRegen 0.13/turn    (no gizmo)

%: no passive effects
@: about to teleport, revving
A: reduced essence, off-hand wielding, slow wielding, warmup strikes, no
jewellery
a: Invent Gizmo, Renounce Religion, Recall Ancestor, Ancestor Identity,
Transference, Idealise


You were on level 13 of the Dungeon.
You worshipped Hepliaklqana.
Hepliaklqana was extremely pleased with you.
You visited 2 branches of the dungeon, and saw 15 of its levels.
You also visited: Ossuary.

You collected 863 gold pieces.
You spent 268 gold pieces at shops.


Innate Abilities, Weirdness & Mutations

Your life essence is reduced to manifest your ancestor. (-10% HP)
You can wield a second weapon in your off-hand.
It takes a long time for you to wield or remove held weapons.
Your first few attacks do less damage.
You cannot equip rings or amulets.


   Skills:
 - Level 10.0 Fighting
 + Level 11.8 Ranged Weapons
 + Level 11.4 Dodging
 - Level 1.1 Stealth
 + Level 2.6 Invocations


You had 11 spell levels left.
You didn't know any spells.
Your spell library contained the following spells:

 Spells                   Type           Power      Damage    Failure   Level
 Magic Dart               Conj           0%         1d3       67%         1
 Blink                    Tloc           0%         N/A       80%         2
 Call Imp                 Summ           0%         N/A       80%         2
 Lesser Beckoning         Tloc           0%         N/A       80%         2
 Sublimation of Blood     Necr           0%         N/A       80%         2
 Frozen Ramparts          Ice            0%         1d1       95%         3
 Gell's Gravitas          Tloc           0%         N/A       95%         3
 Inner Flame              Hex/Fire       0%         N/A       95%         3
 Teleport Other           Tloc           0%         N/A       95%         3
 Flame Wave               Conj/Fire      0%         2d4       100%        4
 Leda's Liquefaction      Alch/Erth      0%         N/A       100%        4
 Petrify                  Alch/Erth      0%         N/A       100%        4
 Sticky Flame             Fire/Alch      0%         2d4       100%        4
 Irradiate                Conj/Alch      0%         3d11      100%        5
 Metabolic Englaciation   Hex/Ice        0%         N/A       100%        5
 Malign Gateway           Summ/Tloc      0%         N/A       100%        7
 Summon Hydra             Summ           0%         N/A       100%        7
 Summon Horrible Things   Summ           0%         N/A       100%        8

Inventory:

Hand Weapons
 a - a +3 sling (weapon) {Ana}
 d - a +0 sling (offhand) {Chaewon}
Missiles
 z - a throwing net
Armour
 q - +0 swamp dragon scales
   (You took it off Maggie on level 7 of the Dungeon)
 r - a +3 leather armour
   (You took it off Duvessa on level 6 of the Dungeon)
 s - a +1 hat of willpower (worn)
   (You took it off Gastronok on level 8 of the Dungeon)
 t - a +2 pair of boots (worn)
   (You found it on level 8 of the Dungeon)
 v - a +1 cloak of poison resistance (worn)
   (You took it off Maurice on level 7 of the Dungeon)
 y - a +2 ring mail of cold resistance (worn)
   (You took it off an orc on level 8 of the Dungeon)
Wands
 c - a wand of polymorph (17)
   (You took it off Grum on level 8 of the Dungeon)
 k - a wand of roots (22)
   (You found it on level 5 of the Dungeon)
 u - a wand of flame (35)
   (You took it off Maurice on level 7 of the Dungeon)
 D - a wand of mindburst (6)
   (You found it on level 12 of the Dungeon)
Scrolls
 b - 2 scrolls of butterflies
 j - 3 scrolls of vulnerability
 w - 2 scrolls of poison
 x - a scroll of teleportation
 A - 2 scrolls of enchant armour
Potions
 e - 5 potions of curing
 f - 4 potions of haste
 g - 3 potions of enlightenment
 h - 3 potions of magic
 i - 3 potions of heal wounds
 l - a potion of invisibility {unknown}
 m - 3 potions of might
 n - 3 potions of attraction {unknown}
 o - 3 potions of ambrosia {unknown}
 p - 2 potions of brilliance {unknown}
 B - a potion of lignification
 C - a potion of mutation

Dungeon Overview and Level Annotations

Branches:
Dungeon (14/15) Zot: 26930  Temple (1/1) D:4 Zot: 5924    Lair (0/5) D:11
    Orc (0/2) D:9         Ossuary (visited)
 Vaults: D:13-14

Altars:
Ashenzari
Cheibriados
Dithmenos
Elyvilon
Fedhas
Gozag
Hepliaklqana
Kikubaaqudgha
Makhleb
Nemelex Xobeh
Okawaru
Qazlal
Ru
Sif Muna
Trog
Uskayaw
Vehumet
Wu Jian
Xom
Yredelemnul
Zin
The Shining One

Shops:
D:3 *   D:9 (   D:12 !([:

Portals:
Abyss: D:13

Annotations:
D:12 1 runed translucent door
D:13 2 transporters

######## #.#########.# #..
.......# #.# ##.## #.# ######.#
##.########...##### #.# #.#
#.................# #.#
####.###..##.###.#.###.#.####.#
###.........R.#R.................
.........#...###...#.###.#.###..#
###.##......## ##u#..##.##.# #..#
#.######...###@###...###.# #...
#.# #....#.## #.###>..# #.## #<#
###......####.# #.### #.# #.#
#.............# #.# #.#
#.####.##.#....##### #.# ##.##
#.........##.#.# #.# #...#
########.#####.#.# #.####.#.#
.....##..####..#.#######.##...#..
#......................#.##.#####


You could see a cyan ugly thing.


Message History

😮 HP[+11]
You regained 11 hp, and now have 47/87 hp.
Unknown command.
You start resting.
You see here a +0 mace.
Key pressed, stopping explore.
Unknown command. 😎 HP[+40]
Your hp is fully restored (87).
You now have 595 gold pieces (gained 9).
You see here a +0 mace.
You see here 3 large rocks.
Key pressed, stopping explore.
You swap places.
Partly explored, unvisited transporter.
Partly explored, unvisited transporter.
Partly explored, unvisited transporter.
Partly explored, unvisited transporter.
Okay, then.
You swap places.
There is a stone staircase leading down here.
You climb downwards.
The tengu conjurer shouts!
The slime creature quivers. x4
There is a stone staircase leading up here.
The slime creature jiggles.
You climb upwards.
Level annotation: 2 transporters
There is a stone staircase leading down here.
There is a stone staircase leading down here.
You climb downwards.
The cyan ugly thing gurgles horribly!
Found 3 stones and a scroll of identify.
Found a stone staircase leading up.
There is a stone staircase leading up here.
You climb upwards.
Level annotation: 2 transporters
There is a stone staircase leading down here.
You swap places.
There is a stone staircase leading down here.
You climb downwards.
The cyan ugly thing gurgles horribly!
The cyan ugly thing basks in the mutagenic energy from its kin and changes!
The cyan ugly thing engulfs Enedgh.
The cyan ugly thing shocks Enedgh!
There is a stone staircase leading up here.
The cyan ugly thing engulfs you. The cyan ugly thing shocks you!
The cyan ugly thing engulfs Enedgh.
The cyan ugly thing shocks Enedgh!
Enedgh closely misses the cyan ugly thing.
You climb upwards.
Level annotation: 2 transporters
There is a stone staircase leading down here. 😕 HP[-19]
You take 19 damage, and now have 68/87 hp.
MASSIVE DAMAGE!! (PAUSE) 😕 HP[+1]
The cyan ugly thing attacks as it pursues you!
The cyan ugly thing barely misses you.
The cyan ugly thing attacks as it pursues you!
The cyan ugly thing closely misses you.
You shoot a sling bullet.
The sling bullet hits the cyan ugly thing.
You shoot a sling bullet.
The sling bullet hits the cyan ugly thing but does no damage.
The cyan ugly thing engulfs you.
The cyan ugly thing shocks you! 😮 HP[-13]
You take 13 damage, and now have 56/87 hp.
You are too injured to fight recklessly!
Unknown command.
As you read the scroll of teleportation, it crumbles to dust.
You feel strangely unstable. The cyan ugly thing engulfs you.
The cyan ugly thing shocks you!
* * * LOW HITPOINT WARNING * * *
😨 HP[-14]
You take 14 damage, and now have 42/87 hp.
The cyan ugly thing attacks as it pursues you!
The cyan ugly thing engulfs you but does no damage.
Unknown command. 😨 HP[+1] Fire: a) +3 sling {Ana}
Press: ? - help, Q - select action, (/) - cycle Shift-Dir - straight line, f/p - cyan ugly thing
Aim: a cyan ugly thing (lightly wounded, ally target, 73% to hit)
You shoot a sling bullet.
The sling bullet hits the cyan ugly thing but does no damage.
You shoot a sling bullet.
The sling bullet hits the cyan ugly thing.
The cyan ugly thing engulfs you!
* * * LOW HITPOINT WARNING * * *
The cyan ugly thing shocks you!
* * * LOW HITPOINT WARNING * * *
Enedgh hits the cyan ugly thing with a +0 flail! 😨 HP[-21]
You take 21 damage, and now have 22/87 hp.
MASSIVE DAMAGE!! (PAUSE) Unknown command.
The cyan ugly thing attacks as it pursues you!
The cyan ugly thing engulfs you!
* * * LOW HITPOINT WARNING * * *
The cyan ugly thing shocks you!
You die...
Hepliaklqana delivers you to your ancestors.

Skill      XL: |  1  2  3  4  5  6  7  8  9 10 11 12 |
---------------+-------------------------------------+-----
Stealth        | 1 |  1.1
Dodging        | 2 3 4 6 7 8 10 11 | 11.4
Ranged Weapons | 4 5 6 8 9 11 | 11.8
Fighting       | 3 4 5 6 8 10 | 10.0
Invocations    | 2 |  2.6

Action                     |  1- 3 |  4- 6 |  7- 9 | 10-12 || total
---------------------------+-------+-------+-------+-------++-------
   Fire: Sling             |   122 |   194 |   652 |  1102 ||  2070
 Invoke: Ancestor Life: Kn |       |       |     1 |       ||     1
         Recall Ancestor   |       |       |     1 |     4 ||     5
    Use: Scroll            |     3 |     1 |     5 |    12 ||    21
         Potion            |       |       |     1 |       ||     1
 Armour: Leather armour    |     6 |    26 |    46 |     3 ||    81
         Swamp dragon scal |       |       |    15 |     7 ||    22
         Ring mail         |       |       |       |    80 ||    80
  Dodge: Dodged            |     9 |    29 |    46 |    76 ||   160

Levels and vault maps discovered:
D:1:      ldierk_walled_garden_2, layout_basic, chequers_mini_garden
D:2:      minmay_recursive_quarters, layout_rooms, kennysheep_generic_room_9
D:3:      layout_basic, shapermc_ecumenical_altar_acropolis, serial_shops,
          nicolae_shop_statue_plus
D:4:      layout_basic, hellmonk_overflow_destroyed_library,
          minmay_temple_entry_glassed_door
D:5:      layout_cave_pods, hangedman_decor_clover_reticule, uniq_ijyb
D:6:      layout_loops_ring, chequers_big_river, minmay_misc_feat_chi,
          uniq_sigmund, uniq_duvessa
D:7:      layout_cave_pools, enter_ossuary_4, st_stairs_5, uniq_maurice,
          uniq_prince_ribbit1, uniq_maggie
D:8:      layout_loops_cross, uniq_grum, uniq_gastronok
D:9:      layout_irregular_city, erik_orc_4, serial_shops, shop,
          nicolae_hexahallways, minmay_orc_keep
D:10:     layout_cave_pods
D:11:     layout_roguey, erik_lair_orcish_takeover
D:12:     layout_basic, serial_shops, nicolae_shop_window_shopping,
          nicolae_shop_hallway_stairs, nicolae_shop_getting_attention, shop,
          lightli_airlock
D:13:     layout_loops_ring, gammafunk_ghost_abyssal_escape,
          nicolae_eternal_life
D:14:     layout_cross, grunt_vaults_entry_tiered, serial_shops,
          nicolae_diamond_shop, uniq_snorg
Temple:   nicolae_temple_bog_church

Notes
Turn   | Place    | Note
-------+----------+-------------------------------------------
     0 | D:1      | ytrimaz the Coglin Hunter began the quest for the Orb.
     0 | D:1      | Reached XP level 1. HP: 16/16 MP: 1/1
     0 | D:1      | magus.rc [v1.9.6]
    26 | D:1      | Reached skill level 1 in Stealth
    31 | D:1      | Reached skill level 2 in Dodging
    31 | D:1      | Reached XP level 2. HP: 22/22 MP: 2/2
   481 | D:1      | You pick up a book of Minor Magic and begin reading...
   481 | D:1      | You add the spells Magic Dart, Blink and Call Imp to your
                  | library.
   563 | D:1      | Reached XP level 3. HP: 28/28 MP: 3/3
   904 | D:2      | You fall into a shaft and drop 1 floor!
  1125 | D:3      | Found Onimnyeg's Assorted Antiques.
  1133 | D:3      | Bought 2 bubbling white potions for 39 gold pieces
  1133 | D:3      | Bought a bubbling grey potion for 19 gold pieces
  1250 | D:3      | Reached skill level 4 in Ranged Weapons
  1250 | D:3      | Identified the +4 rapier "Geoc" {venom, rC+ rCorr Int+2
                  | Dex-3}
  1279 | D:3      | Found a faded altar of an unknown god.
  1557 | D:4      | Reached XP level 4. HP: 34/34 MP: 4/4
  1732 | D:4      | Found a staircase to the Ecumenical Temple.
  1744 | D:4      | Reached skill level 3 in Fighting
  1749 | Temple   | Entered the Ecumenical Temple
  1809 | Temple   | Became a worshipper of Hepliaklqana the Forgotten
  1930 | D:4      | Noticed a scorpion
  1938 | D:4      | Killed a scorpion
  1939 | D:4      | Reached skill level 3 in Dodging
  1939 | D:4      | Reached XP level 5. HP: 23/41 MP: 5/5
  2085 | D:4      | Reached XP level 6. HP: 42/48 MP: 6/6
  2450 | D:4      | Found a bloodstained altar of Trog.
  2454 | D:4      | Found a shimmering blue altar of Sif Muna.
  2466 | D:4      | You pick up a book of Flames and begin reading...
  2466 | D:4      | You add the spells Inner Flame, Sticky Flame and Flame Wave
                  | to your library.
  2600 | D:5      | Entered Level 5 of the Dungeon
  2607 | D:5      | Reached skill level 4 in Fighting
  2699 | D:5      | Reached * piety under Hepliaklqana
  2800 | D:5      | Reached skill level 5 in Ranged Weapons
  2841 | D:5      | Reached skill level 4 in Dodging
  2841 | D:5      | Reached XP level 7. HP: 42/49 MP: 7/7
  3117 | D:5      | Noticed Ijyb
  3128 | D:5      | Killed Ijyb
  3270 | D:5      | Reached skill level 5 in Fighting
  3836 | D:6      | Reached XP level 8. HP: 41/55 MP: 8/8
  4025 | D:6      | Reached ** piety under Hepliaklqana
  4031 | D:6      | Remembered your ancestor Enedgh as a knight
  4036 | D:6      | Reached skill level 6 in Ranged Weapons
  4036 | D:6      | Reached skill level 5 in Dodging
  4139 | D:6      | Noticed Sigmund
  4144 | D:6      | Killed Sigmund
  4145 | D:6      | Reached skill level 6 in Fighting
  4415 | D:6      | Noticed Dowan
  4416 | D:6      | Noticed Duvessa
  4420 | D:6      | Killed Dowan
  4426 | D:6      | Killed Duvessa
  4710 | D:7      | Noticed a yak
  4710 | D:7      | Noticed a yak
  4713 | D:7      | Noticed a yak
  4865 | D:7      | Noticed Maggie
  4877 | D:7      | Noticed a yak
  4879 | D:7      | Noticed Prince Ribbit
  4934 | D:7      | Found a sand-covered staircase.
  4945 | Ossuary  | Entered an ossuary
  5089 | Ossuary  | Reached skill level 6 in Dodging
  5173 | Ossuary  | Reached XP level 9. HP: 63/63 MP: 9/9
  5279 | D:7      | Reached skill level 7 in Ranged Weapons
  5352 | D:7      | Killed Maggie
  5353 | D:7      | Reached skill level 7 in Fighting
  5430 | D:7      | Killed Prince Ribbit
  5453 | D:7      | Reached skill level 7 in Dodging
  5459 | D:7      | HP: 10/65 [yak (13)]
  5728 | D:7      | Reached skill level 8 in Fighting
  5728 | D:7      | Reached skill level 8 in Ranged Weapons
  5881 | D:7      | Reached XP level 10. HP: 71/72 MP: 10/10
  6219 | D:7      | Noticed Maurice
  6229 | D:7      | Killed Maurice
  6325 | D:7      | Reached skill level 9 in Fighting
  6362 | D:7      | Reached skill level 8 in Dodging
  6646 | D:8      | Noticed Grum
  6663 | D:8      | Killed Grum
  6694 | D:8      | You pick up a book of Transmutation and begin reading...
  6694 | D:8      | You add the spells Sublimation of Blood, Petrify and
                  | Irradiate to your library.
  6695 | D:8      | Noticed Gastronok
  6708 | D:8      | Killed Gastronok
  6709 | D:8      | Reached skill level 10 in Fighting
  6709 | D:8      | Reached skill level 9 in Ranged Weapons
  6976 | D:8      | You pick up a book of Sloth and begin reading...
  6976 | D:8      | You add the spells Frozen Ramparts, Leda's Liquefaction and
                  | Metabolic Englaciation to your library.
  7103 | D:8      | Reached *** piety under Hepliaklqana
  7222 | D:8      | Reached XP level 11. HP: 81/81 MP: 11/11
  7238 | D:8      | Reached skill level 9 in Dodging
  7773 | D:9      | Found a staircase to the Orcish Mines.
  7828 | D:9      | Reached skill level 10 in Ranged Weapons
  7933 | D:9      | Found Ukivof's Antique Weapon Shoppe.
  8508 | D:9      | Reached **** piety under Hepliaklqana
  8561 | D:10     | Entered Level 10 of the Dungeon
  8755 | D:10     | You pick up a book of Blood and begin reading...
  9601 | D:10     | Reached skill level 10 in Dodging
 10065 | D:11     | Found a staircase to the Lair.
 10079 | D:11     | You pick up a book of Displacement and begin reading...
 10079 | D:11     | You add the spells Lesser Beckoning, Gell's Gravitas and
                  | Teleport Other to your library.
 10157 | D:11     | Noticed a manticore
 10167 | D:11     | Killed a manticore
 10283 | D:11     | Noticed a manticore
 10289 | D:11     | Killed a manticore
 10291 | D:11     | Noticed a cyclops
 10299 | D:11     | Killed a cyclops
 10389 | D:11     | You add the spells Malign Gateway and Summon Horrible
                  | Things to your library.
 10566 | D:12     | Found Amyel's Armour Emporium.
 10587 | D:12     | Reached ***** piety under Hepliaklqana
 10603 | D:12     | Found Zeomm's Book Shop.
 10701 | D:12     | Reached skill level 11 in Ranged Weapons
 10881 | D:12     | Noticed a two-headed ogre
 10889 | D:12     | Killed a two-headed ogre
 10900 | D:12     | Found Tig Asog's Distillery.
 10903 | D:12     | Bought a potion of lignification for 42 gold pieces
 10903 | D:12     | Bought a potion of mutation for 112 gold pieces
 10903 | D:12     | Bought a potion of might for 56 gold pieces
 10942 | D:12     | Found Tinel's Antique Weapon Emporium.
 10942 | D:12     | Noticed a red ugly thing
 10950 | D:12     | Killed a red ugly thing
 10951 | D:12     | Reached XP level 12. HP: 87/87 MP: 12/12
 11349 | D:12     | Reached skill level 11 in Dodging
 11437 | D:12     | Found a runed translucent door.
 11626 | D:13     | Reached skill level 1 in Invocations
 11683 | D:13     | Found a transporter.
 11687 | D:13     | Noticed a rakshasa
 11735 | D:13     | Identified the +1 whip of Offence {flame, SInv}
 11881 | D:13     | Noticed a two-headed ogre
 11888 | D:13     | Found a transporter.
 12248 | D:13     | Reached skill level 2 in Invocations
 12553 | D:13     | Noticed a deep elf knight
 12954 | D:14     | Noticed a tengu warrior
 13020 | D:13     | HP: 13/87 [cyan ugly thing (9)]
 13020 | D:13     | Slain by a cyan ugly thing

Vanquished Creatures
  A two-headed ogre (D:12)
  2 cyclopes
  An ugly thing (D:12)
  2 manticores
  Maurice (D:7)
  An unseen horror (D:10)
  A tengu conjurer (D:13)
  3 trolls
  A hornet (D:7)
  Prince Ribbit (D:7)
  5 slime creatures (D:13)
  Sigmund (D:6)
  6 yaks
  A wyvern (D:8)
  3 wraiths
  A human (D:9)
  A basilisk (D:12)
  2 steam dragons
  3 acid dragons
  Duvessa (D:6)
  8 orc warriors
  2 ice beasts
  A black bear (D:6)
  A wolf (D:11)
  2 kobold brigands
  An elf zombie (Ossuary)
  4 scorpions
  4 bullfrogs
  11 wights
  Dowan (D:6)
  A burial acolyte (Ossuary)
  3 killer bees (D:9)
  2 electric eels (D:6)
  2 howler monkeys (D:9)
  A jelly (D:4)
  2 hounds
  10 orc priests
  2 gnoll boudas
  4 sleepcaps
  4 iguanas
  Ijyb (D:5)
  11 orc wizards
  A crocodile zombie (Ossuary)
  2 mummies (Ossuary)
  6 gnolls
  8 adders
  An adder zombie (Ossuary)
  2 dart slugs
  41 orcs
  3 ball pythons
  3 bats
  5 endoplasms
  3 giant cockroaches
  6 goblins
  5 hobgoblins
  12 kobolds
  5 quokkas
  6 ball python zombies (Ossuary)
  3 frilled lizards
  A gnoll zombie (Ossuary)
  A jackal zombie (Ossuary)
  4 kobold zombies (Ossuary)
  4 orc zombies (Ossuary)
  A quokka zombie (D:7)
  2 rats (D:1)
  A rat zombie (D:7)
242 creatures vanquished.

Vanquished Creatures (collateral kills)
  Gastronok (D:8)
  A deep elf pyromancer (D:13)
  A manticore (D:11)
  An ugly thing (D:12)
  Maggie (D:7)
  A queen bee (shapeshifter) (D:13)
  3 slime creatures (D:13)
  A wraith (D:12)
  2 yaks
  Grum (D:8)
  An ice beast (D:7)
  An orc warrior (D:8)
  An ogre (D:6)
  4 wolves
  A bullfrog (D:7)
  7 wights
  2 howler monkeys
  A hound (D:5)
  An orc priest (D:10)
  2 human zombies (Ossuary)
  A sleepcap (D:7)
  3 orc wizards
  A mummy (Ossuary)
  2 gnolls (D:8)
  A white imp (D:7)
  2 adder zombies (Ossuary)
  10 orcs
  A gnoll zombie (Ossuary)
  A kobold zombie (Ossuary)
56 creatures vanquished.

Vanquished Creatures (others)
  An ancestor (D:6)
  6 knights
7 creatures vanquished.

Grand Total: 305 creatures vanquished

Table legend:
 A = Non-vault XP
 B = Vault XP
 C = Vault XP percentage of total XP
 D = Non-vault monster count
 E = Vault monster count
 F = Vault count percentage of total count
                 A         B        C        D         E       F
            +---------+---------+-------+---------+---------+-------
      Total |   18513 |    5953 |  24.3 |     219 |      79 |  26.5
            +---------+---------+-------+---------+---------+-------
        D:1 |      38 |       0 |   0.0 |      21 |       0 |   0.0
        D:3 |      43 |       0 |   0.0 |      11 |       0 |   0.0
        D:4 |     262 |       0 |   0.0 |      17 |       0 |   0.0
        D:5 |     655 |      35 |   5.1 |      28 |       1 |   3.4
        D:6 |     800 |     440 |  35.5 |      14 |       3 |  17.6
        D:7 |    2360 |    1437 |  37.8 |      40 |       7 |  14.9
        D:8 |    1673 |    2220 |  57.0 |      20 |       7 |  25.9
        D:9 |    1676 |     930 |  35.7 |      30 |      23 |  43.4
       D:10 |    1279 |       0 |   0.0 |       8 |       0 |   0.0
       D:11 |    2212 |     528 |  19.3 |       9 |       9 |  50.0
       D:12 |    2559 |       0 |   0.0 |       6 |       0 |   0.0
       D:13 |    4956 |       0 |   0.0 |      15 |       0 |   0.0
    Ossuary |       0 |     363 | 100.0 |       0 |      29 | 100.0
            +---------+---------+-------+---------+---------+-------

Skill      XL: |  1  2  3  4  5  6  7  8  9 10 11 12 |
---------------+-------------------------------------+-----
Stealth        | 1 |  1.1
Dodging        | 2 3 4 6 7 8 10 11 | 11.4
Ranged Weapons | 4 5 6 8 9 11 | 11.8
Fighting       | 3 4 5 6 8 10 | 10.0
Invocations    | 2 |  2.6

Action                     |  1- 3 |  4- 6 |  7- 9 | 10-12 || total
---------------------------+-------+-------+-------+-------++-------
   Fire: Sling             |   122 |   194 |   652 |  1102 ||  2070
 Invoke: Ancestor Life: Kn |       |       |     1 |       ||     1
         Recall Ancestor   |       |       |     1 |     4 ||     5
    Use: Scroll            |     3 |     1 |     5 |    12 ||    21
         Potion            |       |       |     1 |       ||     1
 Armour: Leather armour    |     6 |    26 |    46 |     3 ||    81
         Swamp dragon scal |       |       |    15 |     7 ||    22
         Ring mail         |       |       |       |    80 ||    80
  Dodge: Dodged            |     9 |    29 |    46 |    76 ||   160

Illustrated notes

Table legend:
 A = Kills in this place as a percentage of kills in the entire game.
 B = Kills by you in this place as a percentage of kills by you in the entire game.
 C = Kills by friends in this place as a percentage of kills by friends in the entire game.
 D = Other kills in this place as a percentage of other kills in the entire game.
 E = Experience gained in this place as a percentage of experience gained in the entire game.
 F = Experience gained in this place divided by the number of levels of this place that you have seen.
                   A       B       C       D       E      F
               +-------+-------+-------+-------+-------+----------------------
         Total | 100.0 | 100.0 | 100.0 |   N/A | 100.0 | 1529.1
       Dungeon |  90.3 |  90.9 |  87.5 |   N/A |  98.5 | 1721.6
       Ossuary |   9.7 |   9.1 |  12.5 |   N/A |   1.5 | 363.0
               +-------+-------+-------+-------+-------+----------------------

Table legend: (Time is in decaauts)
 A = Elapsed time spent in this place.
 B = Non-inter-level travel time spent in this place.
 C = Inter-level travel time spent in this place.
 D = Time resting spent in this place.
 E = Time spent auto-exploring this place.
 F = Levels seen in this place.
 G = Mean time per level.
                   A        B        C        D        E       F      G
               +--------+--------+--------+--------+--------+-----+--------+
         Total |  13154 |  12638 |    516 |   1168 |   9502 |  16 |  822.1 |
       Dungeon |  12771 |  12283 |    488 |   1140 |   9293 |  14 |  912.2 |
        Temple |     75 |     47 |     28 |      0 |     45 |   1 |   75.0 |
       Ossuary |    307 |    307 |      0 |     28 |    164 |   1 |  307.0 |
               +--------+--------+--------+--------+--------+-----+--------+

Top non-repeatable levels by time:
     D:6: 1652 daAuts
    D:13: 1524 daAuts
    D:10: 1205 daAuts
     D:7: 1090 daAuts
     D:9: 1077 daAuts
     D:5: 1021 daAuts
     D:4: 991 daAuts
    D:12: 930 daAuts
     D:8: 908 daAuts
     D:1: 824 daAuts
    D:11: 801 daAuts
     D:3: 649 daAuts
 Ossuary: 307 daAuts
     D:2: 89 daAuts
  Temple: 75 daAuts
